 Dungeon Crawl Stone Soup version 0.28-a0-1506-g3893175d92 (webtiles) character file.

Game seed: 16481191465770504921

9 knot the Chopper (level 2, 26/36 HPs)
             Began as a Demonspawn Berserker on Jan 14, 2022.
             Was a Follower of Trog.
             Quit the game on level 1 of the Dungeon.
             The game lasted 00:00:14 (73 turns).

knot the Chopper (Demonspawn Berserker)               Turns: 73, Time: 00:00:15

Health: 26/36      AC:  2    Str: 17    XL:     2   Next: 3%
Magic:  2/2        EV: 12    Int:  8    God:    Trog [*.....]
Gold:   0          SH:  0    Dex: 12    Spells: 1/1 levels left

rFire   . . .      SeeInvis .   a - +0 hand axe
rCold   . . .      Faith    .   (no shield)
rNeg    . . .      Spirit   .   b - +0 animal skin
rPois   .          Reflect  .   (no helmet)
rElec   .          Harm     .   (no cloak)
rCorr   .          Rampage  .   (no gloves)
Will    .....                   (no boots)
Stlth   ..........              (no amulet)
HPRegen 0.12/turn               (no ring)
MPRegen 0.08/turn               (no ring)

@: berserking (expiring), very quick
A: weakness stinger 1
a: Renounce Religion, Berserk


You were on level 1 of the Dungeon.
You worshipped Trog.
Trog was aware of your devotion.
You visited 1 branch of the dungeon, and saw 1 of its levels.

Inventory:

Hand Weapons
 a - a +0 hand axe (weapon)
Missiles
 d - 21 stones (quivered)
Armour
 b - a +0 animal skin (worn)
Scrolls
 c - a scroll of identify {unknown}


   Skills:
 - Level 3.0 Fighting
 + Level 3.2 Axes
 - Level 1.7 Armour
 - Level 1.7 Dodging


You had one spell level left.
You didn't know any spells.
Your spell library was empty.

Dungeon Overview and Level Annotations

Branches:
Dungeon (1/15)

Altars:


Innate Abilities, Weirdness & Mutations

You have a small tail.


Message History

You hit the quokka.
The quokka is almost dead.
You hit the bat.
You kill the bat!
Trog accepts your kill. The quokka closely misses you.
A red film seems to cover your vision as you go berserk!
You feel yourself moving faster!
You feel mighty! The quokka barely misses you.
A jackal comes into view.
The jackal barks!
You slash the quokka!
You kill the quokka!
Trog accepts your kill.
A rat comes into view.
Your Axes skill increases to level 3!
You hit the kobold.
The kobold is severely wounded.
You slash the kobold!
You kill the kobold!
Trog accepts your kill.
Found a fuming coppery potion.
The hobgoblin closely misses you.
A ball python comes into view.
Things that are here:
a +0 dagger; 2 stones; a frilled lizard corpse You hit the hobgoblin.
The hobgoblin is moderately wounded.
The hobgoblin hits you.
A frilled lizard comes into view.
The frilled lizard hisses angrily.
You slash the hobgoblin!
You kill the hobgoblin!
Trog accepts your kill.
You slash the jackal!
You kill the jackal!
Trog accepts your kill.
You have reached level 2!
You feel monstrous as your demonic heritage exerts itself.
Your demonic ancestry asserts itself...
You grow a small tail.
Are you sure you want to abandon this character and quit the game? (Confirm with "yes".)

#.# ..####### ..
##....... g
......##! .
.S....... #. #.
#.....#
#.>#.##.....#
......#@######.
#.....[...r..l.
..##.##†#####.#
.........# >#
#.##.##.## .#
.........####.##
###............#
##.###.###.#.#
#####.###.#


You could see a ball python, a frilled lizard and a rat.

Vanquished Creatures
  An endoplasm (D:1)
  A hobgoblin (D:1)
  A jackal (D:1)
  A kobold (D:1)
  A quokka (D:1)
  A ball python (D:1)
  A bat (D:1)
  A frilled lizard (D:1)
8 creatures vanquished.

Notes
Turn   | Place    | Note
-------+----------+-------------------------------------------
     0 | D:1      | knot the Demonspawn Berserker began the quest for the Orb.
     0 | D:1      | Reached XP level 1. HP: 18/18 MP: 1/1
    73 | D:1      | Discovered your monstrous ancestry.
    73 | D:1      | Gained mutation: You have a small tail. [demonic ancestry]
    73 | D:1      | Reached XP level 2. HP: 24/24 MP: 2/2
    73 | D:1      | Quit the game

Illustrated notes

Levels and vault maps discovered:
D:1:      dpeg_arrival_erosion, layout_loops_ring, nrook_mini_vaults

Skill      XL: |  1 |
---------------+----+-----
Axes           | 3 |  3.2
Fighting       | |  3.0
Armour         | |  1.7
Dodging        | |  1.7

Action                   || total
-------------------------++-------
Melee: Hand axe          ||    15
Invok: Berserk           ||     1
Armor: Animal skin       ||     2
Dodge: Dodged            ||     9

Table legend: (Time is in decaauts)
 A = Elapsed time spent in this place.
 B = Non-inter-level travel time spent in this place.
 C = Inter-level travel time spent in this place.
 D = Time resting spent in this place.
 E = Time spent auto-exploring this place.
 F = Levels seen in this place.
 G = Mean time per level.
                   A        B        C        D        E       F      G
               +--------+--------+--------+--------+--------+-----+--------+
         Total |     72 |     72 |      0 |      0 |     46 |   1 |   72.0 |
       Dungeon |     72 |     72 |      0 |      0 |     46 |   1 |   72.0 |
               +--------+--------+--------+--------+--------+-----+--------+

Top non-repeatable levels by time:
     D:1: 72 daAuts
